 Dungeon Crawl Stone Soup version 0.18.1-48-g4cf74bf (webtiles) character file.

369 Peloso the Shield-Bearer (level 6, -2/53 HPs)
             Began as a Minotaur Fighter on July 3, 2016.
             Killed by nerve-wracking pain
             ... invoked by Menkaure
              (11 damage)
             ... on level 4 of the Dungeon.
             The game lasted 00:05:30 (1778 turns).

Peloso the Shield-Bearer (Minotaur Fighter)         Turns: 1778, Time: 00:05:33

Health: -2/53      AC: 13    Str: 21    XL:     6   Next: 41%
Magic:  5/5        EV:  5    Int:  5    God:
Gold:   145        SH: 10    Dex: 11    Spells: 0 memorised, 5 levels left

rFire  . . .     SeeInvis .     a - +0 long sword
rCold  . . .     Gourm    .     j - +0 plate armour
rNeg   . . .     Faith    .     c - +0 shield
rPois  .         Spirit   .     (helmet restricted)
rElec  .         Dismiss  .     e - +0 cloak
rCorr  .         Reflect  .     (no gloves)
SustAt .         Harm     .     (no boots)
MR     .....                    (no amulet)
Stlth  ..........               (no ring)
                                g - ring of loudness (curse)

@: not resistant to hostile enchantments, extremely unstealthy
A: retaliatory headbutt, horns 2
a: no special abilities


You were on level 4 of the Dungeon.
You were not hungry.

You visited 1 branch of the dungeon, and saw 4 of its levels.

You collected 145 gold pieces.

Inventory:

Hand Weapons
 a - a +0 long sword (weapon)
 o - a +2 dagger of flaming
Armour
 c - a +0 shield (worn)
 e - a +0 cloak (worn)
 j - a +0 plate armour (worn)
Jewellery
 g - a cursed ring of loudness (left hand)
Scrolls
 b - a scroll of enchant armour {unknown}
 h - a scroll of blinking {unknown}
 i - 6 scrolls of identify {unknown}
 k - a scroll of amnesia {unknown}
 n - a scroll of recharging {unknown}
 r - a scroll of teleportation {unknown}
 u - a scroll of magic mapping {unknown}
 x - a scroll of remove curse {unknown}
Potions
 d - a potion of might
 l - a potion of curing {unknown}
 p - a potion of ambrosia {unknown}
 s - a potion of invisibility {unknown}
 t - a potion of heal wounds {unknown}
 v - a potion of lignification {unknown}
Comestibles
 f - 4 bread rations
 m - a slice of pizza
 q - 2 meat rations
 w - 3 chunks of flesh


   Skills:
 + Level 4.6 Fighting
 + Level 4.1 Long Blades
 + Level 5.1 Armour
 + Level 1.5 Dodging
 + Level 6.1 Shields


You had 5 spell levels left.
You didn't know any spells.

Dungeon Overview and Level Annotations

Branches:
Dungeon (4/15)
 Temple: D:4-7

Altars:
Fedhas

Annotations:
D:3 cutebanana's ghost, weakling HOFi
D:4 Menkaure


Innate Abilities, Weirdness & Mutations

You reflexively headbutt those who attack you in melee.
You have a pair of horns on your head.


Message History

Menkaure hits you!
You barely miss Menkaure.
Menkaure is moderately damaged.
You block Menkaure's attack.
Menkaure gestures ominously.
Menkaure casts a spell at you. Pain shoots through your body!
You closely miss Menkaure. Your headbutt misses Menkaure.
Menkaure is moderately damaged.
Menkaure points at you and mumbles some strange words.
Pain shoots through your body!
* * * LOW HITPOINT WARNING * * *
You hit Menkaure but do no damage. You headbutt Menkaure!
Menkaure is severely damaged.
Menkaure calls on the powers of darkness!
Your body is wracked with pain!
* * * LOW HITPOINT WARNING * * *
Menkaure points at you and mumbles some strange words.
Pain shoots through your body!
You die...

###.# .# #.# #
###.##################.###
..........................
#################.####..##
#># #.# ########.####..
......M@.$...... ###
########.######. ##.## #.#
#.#.## #.# .###.## #.# ##
##.## #.# # ##.# #.. #
##.## ## .###.##


You could see Menkaure.

Vanquished Creatures
  A scorpion (D:4)
  A howler monkey (D:4)
  A hound (D:4)
  A centaur skeleton (D:4)
  An orc wizard (D:4)
  3 worker ants (D:4)
  5 adders
  2 oozes
  3 worms (D:2)
  A dart slug (D:1)
  A giant gecko (D:1)
  2 orcs (D:4)
  A ball python (D:1)
  2 giant cockroaches
  4 goblins
  8 hobgoblins
  5 jackals (D:1)
  7 kobolds
  10 bats
  2 giant newts (D:1)
  15 rats
76 creatures vanquished.

Notes
Turn   | Place    | Note
--------------------------------------------------------------
     0 | D:1      | Peloso the Minotaur Fighter began the quest for the Orb.
     0 | D:1      | Reached XP level 1. HP: 19/19 MP: 0/0
   127 | D:1      | Reached XP level 2. HP: 27/27 MP: 1/1
   173 | D:1      | Reached skill level 4 in Shields
   258 | D:1      | Reached XP level 3. HP: 27/33 MP: 2/2
   664 | D:2      | You fall through a shaft for 2 floors!
   717 | D:4      | Reached XP level 4. HP: 37/40 MP: 3/3
   759 | D:4      | Reached skill level 1 in Dodging
   759 | D:4      | Reached skill level 5 in Shields
   775 | D:4      | Reached XP level 5. HP: 42/47 MP: 4/4
   806 | D:3      | Noticed cutebanana's ghost (weakling HOFi)
  1588 | D:4      | Found a blossoming altar of Fedhas.
  1601 | D:4      | Reached XP level 6. HP: 37/53 MP: 5/5
  1662 | D:4      | Reached skill level 6 in Shields
  1710 | D:4      | Reached skill level 5 in Armour
  1773 | D:4      | Noticed Menkaure
  1778 | D:4      | Killed from afar by Menkaure

Skill      XL: |  1  2  3  4  5  6 |
---------------+-------------------+-----
Shields        | 4 5 6 |  6.1
Fighting       | 4 |  4.6
Armour         | 4 5 |  5.1
Long Blades    | 3 4 |  4.1
Dodging        | 1 |  1.5

Action                   |  1- 3 |  4- 6 || total
-------------------------+-------+-------++-------
Melee: Long sword        |   107 |   115 ||   222
       Headbutt          |     7 |    21 ||    28
  Eat: Chunk             |       |     3 ||     3
Armor: Scale mail        |    19 |       ||    19
       Plate armour      |    63 |    61 ||   124
Dodge: Dodged            |    28 |    17 ||    45
Block: Shield            |    78 |    63 ||   141
